Map: Simulacrum LE

Players

soO

  • Race: Zerg Zerg
  • Spawn Location: 11:00

INnoVation - Winner!

  • Race: Terran Terran
  • League: Master
  • Spawn Location: 5:00

Event: StayAtHomestory Cup #1

VOD

Have the link to the VOD?

Description

Time

  • Played on: April 10, 2020, 7:49 a.m.
  • Length: 7:56

All games in this series

Show
View Real Time Build Order
Export as new Build Order

soO Zerg 

Build Orders: Hatch First 

Get SALT Encoding   

  12  0:00  Drone  
  13  0:12  Overlord  
  13  0:16  Drone  
  14  0:30  Drone x2  
  16  0:49  Hatchery  
  15  0:52  Drone  
  15  0:55  Drone  
  17  0:58  Drone  
  18  1:10  Extractor  
  17  1:14  Spawning Pool  
  17  1:17  Drone  
  17  1:20  Drone  
  18  1:28  Drone  
  19  1:38  Drone  
  20  1:48  Overlord  
  20  2:00  Queen  
  20  2:01  Zergling x4, Queen  
  26  2:09  Spore Crawler  
  24  2:19  Spore Crawler  
  24  2:22  Metabolic Boost  
  23  2:25  Zergling x4  
  25  2:31  Zergling x4  
  23  2:38  Spore Crawler  
  23  2:39  Zergling x4  
  23  2:44  Zergling x4  
  28  2:55  Queen  
  28  2:58  Zergling x4  
  28  3:08  Queen  
  28  3:12  Zergling x2  
  30  3:18  Zergling x4  
  29  3:21  Zergling x2  
  29  3:24  Zergling x2  
  28  3:27  Zergling x2  
  28  3:30  Zergling x2  
  27  3:38  Zergling x2  
Show
View Real Time Build Order
Export as new Build Order

INnoVation Terran - Winner!

Build Orders:  

Get SALT Encoding   

  12  0:01  SCV  
  13  0:15  Supply Depot  
  13  0:29  Refinery  
  13  0:37  Barracks  
  13  0:54  Barracks  
  13  1:15  Barracks  
  13  1:23  Reaper  
  14  1:34  Refinery  
  14  1:42  Reaper  
  15  1:55  Reaper  
  16  2:04  Reaper  
  17  2:17  Reaper  
  18  2:28  Reaper  
  19  2:39  Reaper  
  20  2:49  Reaper  
  21  3:00  Reaper  
  22  3:11  Reaper  
  23  3:27  Reaper  
  23  3:32  Reaper  
  21  3:43  Reaper  
Tags
 
Add a new tag
Caveats
  • Supply blocks, unpowered buildings, or Contaminate may cause inaccurate times.
  • Supply counts are checked every 10 seconds.